 Dungeon Crawl Stone Soup version 0.29.1-2-gbd0b4ee654 (webtiles) character file.

Game seed: 6466034435854494882

996 styxcanada the Covert (level 7, -1/35 HPs)
             Began as a Spriggan Brigand on Oct 30, 2022.
             Was an Initiate of Gozag.
             Splashed by a jelly's acid (8 damage)
             ... on level 5 of the Dungeon.
             The game lasted 00:21:09 (5987 turns).

styxcanada the Covert (Spriggan Brigand)            Turns: 5987, Time: 00:21:11

Health: -1/35      AC:  0    Str:  7    XL:     7   Next: 99%
Magic:  11/11      EV: 19    Int: 13    God:    Gozag
Gold:   192        SH:  0    Dex: 18    Spells: 7/10 levels left

rFire   . . .      SeeInvis +   c - +1 short sword (flame)
rCold   . . .      Faith    .   (no shield)
rNeg    . . .      Spirit   .   b - +0 robe
rPois   .          Reflect  .   (helmet restricted)
rElec   .          Harm     .   v - +1 cloak
rCorr   .          Rampage  .   (gloves unavailable)
Will    +....                   (boots unavailable)
Stlth   +++++.....              s - amulet of the acrobat
HPRegen 0.11/turn               k - ring of flight
MPRegen 0.12/turn               (no ring)

@: corroded, gold aura, flying, very quick
A: very small, no large weapons, unfitting armour, see invisible, speed 3
a: Renounce Religion, Potion Petition, Call Merchant, Bribe Branch


You were on level 5 of the Dungeon.
You worshipped Gozag.
Gozag was aware of your devotion.
You visited 2 branches of the dungeon, and saw 6 of its levels.

You collected 233 gold pieces.
You paid 41 gold pieces to Gozag.

Inventory:

Hand Weapons
 a - a +2 dagger
 c - a +1 short sword of flaming (weapon)
Missiles
 h - 17 stones (quivered)
 n - a throwing net
 D - a boomerang
 E - 3 curare-tipped darts
Armour
 b - a +0 robe (worn)
 v - a +1 cloak (worn)
Magical Staves
 A - a staff of air
Jewellery
 k - a ring of flight (left hand)
 l - a ring of fire
 s - an amulet of the acrobat (around neck)
Wands
 e - a wand of quicksilver (2)
Scrolls
 d - a scroll of enchant weapon {unknown}
 i - 2 scrolls of fog
 j - 3 scrolls of teleportation {unknown}
 m - a scroll of summoning {unknown}
 o - 2 scrolls of noise {unknown}
 p - a scroll of vulnerability {unknown}
 q - 2 scrolls of immolation {unknown}
 y - a scroll of amnesia {unknown}
 z - 2 scrolls of magic mapping {unknown}
 C - a scroll of identify
Potions
 g - a potion of resistance {unknown}
 r - 2 potions of berserk rage
 t - a potion of brilliance
 u - a potion of lignification
 w - a potion of mutation {unknown}
 x - a potion of might {unknown}
 B - a potion of degeneration {unknown}


   Skills:
 * Level 2.6 Fighting
 + Level 4.2 Short Blades
 + Level 4.2 Throwing
 * Level 3.9 Dodging
 * Level 10.1 Stealth
 * Level 2.3 Spellcasting
 * Level 1.3 Conjurations
 * Level 2.2 Hexes


You had 7 spell levels left.
You knew the following spells:

 Your Spells              Type           Power      Damage    Failure   Level
a - Dazzling Flash        Conj/Hex       12%        N/A       34%         3

Your spell library contained the following spells:

 Spells                   Type           Power      Damage    Failure   Level
 Gell's Gravitas          Tloc           1%         N/A       58%         3
 Teleport Other           Tloc           1%         N/A       58%         3
 Iskenderun's Mystic Bla  Conj/Tloc      3%         2d3       88%         4
 Dispersal                Tloc           0%         N/A       100%        6
 Starburst                Conj/Fire      1%         6d3       100%        6


Dungeon Overview and Level Annotations

Branches:
Dungeon (5/15)             Temple (1/1) D:5

Altars:
Ashenzari
Cheibriados
Gozag
Kikubaaqudgha
Makhleb
Nemelex Xobeh
Qazlal
Ru
Uskayaw
Vehumet
Wu Jian
Xom
Yredelemnul
Zin
The Shining One


Innate Abilities, Weirdness & Mutations

You are very small and have problems with some larger weapons.
You are too small for most types of armour.
You have supernaturally acute eyesight. (SInv)
You cover ground extremely quickly. (Speed+++)


Message History

Press: ? - help, Q - select action, (/) - cycle Shift-Dir - straight line, f/p - yak
Aim: a yak (very poisoned, 74% to hit)
You throw a stone.
The stone hits the yak but does no damage.
Unknown command.
You see here a +0 spear.
You start resting.
A yak is nearby!
The jelly quivers.
The yak looks more healthy.
You see here a poisoned dart.
You see here a poisoned dart.
The jelly completely misses you.
You start resting.
A jelly is nearby!
Throw: 19 stones
Press: ? - help, Q - select action, (/) - cycle Shift-Dir - straight line, f - jelly
Aim: a jelly (90% to hit)
You throw a stone. The stone hits the jelly.
The jelly is lightly wounded.
Throw: 18 stones
Press: ? - help, Q - select action, (/) - cycle Shift-Dir - straight line, f/p - jelly
Aim: a jelly (lightly wounded, 90% to hit)
You throw a stone. The stone hits the jelly.
The jelly is moderately wounded.
You hit the jelly. You burn the jelly.
Your hands burn!
* * * LOW HITPOINT WARNING * * *
The jelly is severely wounded.
The jelly completely misses you.
You barely miss the jelly.
The jelly is severely wounded.
The jelly barely misses you.
You hit the jelly but do no damage.
Your hands burn!
* * * LOW HITPOINT WARNING * * *
The jelly is severely wounded.
The jelly hits you.
* * * LOW HITPOINT WARNING * * *
The acid corrodes you!
You are splashed with acid!
You die...
Your body crumbles into a pile of gold.

.....(.......#####>>.Y.........#
...#.#(#.#.#.# ####..........##
.............# #...)........
...#...(...#.# #........[.##
.............# #..........#
...#...>...#.## #.........##
..............# ###.........###
...#.......#..#####....##..##...#
...............J@...#..##.#######
...#.#.#.#.#..####.##.###.#
.............## #.##.# #.#
$##...#.###### #.##.# #.#
###.#..).. #.##.# #.# #.#......
#.##.# #.# #.#....... ##.##.# #.#
#.#....... #.....###.####### .#
... ####.............


You could see a jelly.

Vanquished Creatures
  2 yaks (D:5)
  An ice beast (D:5)
  A black bear (D:4)
  A jelly (D:5)
  An orc priest (D:3)
  2 hounds
  A gnoll bouda (D:4)
  2 iguanas
  2 orc wizards (D:5)
  Terence (D:2)
  6 gnolls
  2 river rats (D:4)
  8 adders
  An ufetubus (D:5)
  4 worms
  3 dart slugs (D:5)
  9 orcs
  A bat (D:3)
  6 endoplasms
  2 giant cockroaches (D:4)
  4 goblins
  A hobgoblin (D:2)
  4 jackals (D:3)
  4 quokkas
  9 ball pythons
  5 frilled lizards
  6 kobolds
  7 rats
96 creatures vanquished.

Notes
Turn   | Place    | Note
-------+----------+-------------------------------------------
     0 | D:1      | styxcanada the Spriggan Brigand began the quest for the
                  | Orb.
     0 | D:1      | Reached XP level 1. HP: 10/10 MP: 2/2
    31 | D:1      | Reached skill level 6 in Stealth
    38 | D:1      | Found a faded altar of an unknown god.
   468 | D:1      | Reached XP level 2. HP: 14/14 MP: 3/3
  1018 | D:2      | Reached skill level 7 in Stealth
  1034 | D:2      | Reached XP level 3. HP: 11/18 MP: 4/4
  1417 | D:2      | Noticed Terence
  1446 | D:2      | Killed Terence
  1452 | D:2      | Reached XP level 4. HP: 23/23 MP: 5/5
  1798 | D:2      | Reached skill level 8 in Stealth
  2440 | D:3      | Reached XP level 5. HP: 23/26 MP: 6/6
  2717 | D:3      | Found a stormy altar of Qazlal.
  3667 | D:4      | Reached skill level 9 in Stealth
  3711 | D:4      | Reached XP level 6. HP: 29/30 MP: 7/7
  4074 | D:4      | Learned a level 3 spell: Dazzling Flash
  5017 | D:4      | Reached skill level 1 in Spellcasting
  5229 | D:5      | Entered Level 5 of the Dungeon
  5231 | D:5      | Reached skill level 1 in Hexes
  5234 | D:5      | Reached XP level 7. HP: 35/35 MP: 9/9
  5240 | D:5      | Found a staircase to the Ecumenical Temple.
  5250 | Temple   | Entered the Ecumenical Temple
  5258 | Temple   | Became a worshipper of Gozag Ym Sagoz the Greedy
  5388 | D:5      | Noticed a yak
  5390 | D:5      | Noticed a yak
  5391 | D:5      | Noticed a yak
  5451 | D:5      | Killed a yak
  5523 | D:5      | Reached skill level 1 in Conjurations
  5950 | D:5      | Killed a yak
  5951 | D:5      | Reached skill level 10 in Stealth
  5987 | D:5      | Splashed by a jelly's acid

Illustrated notes

Levels and vault maps discovered:
D:1:      sevenhm_arrival_forest_fort_small_5, layout_rooms,
          shapermc_ecumenical_altar_gd, minmay_misc_feat_tower,
          nrook_mini_backslash
D:2:      layout_loops_corners, kennysheep_another_room, uniq_terence
D:3:      layout_loops_ring, overflow_temple_1_default,
          nicolae_underground_beach
D:4:      layout_loops_cross, portal_sewer_entry_e, kennysheep_potato
D:5:      layout_rooms, nicolae_hepliaklqana_hippocampus, minitemple,
          minmay_temple_entry_glass
Temple:   nicolae_temple_x_marks_the_god

Skill      XL: |  1  2  3  4  5  6  7 |
---------------+----------------------+-----
Stealth        | 6 7 8 9 10 | 10.1
Dodging        | 2 3 |  3.9
Short Blades   | 3 4 |  4.2
Fighting       | 2 |  2.6
Throwing       | 3 4 |  4.2
Spellcasting   | 1 2 |  2.3
Hexes          | 1 2 |  2.2
Conjurations   | 1 |  1.3

Action                   |  1- 3 |  4- 6 |  7- 9 || total
-------------------------+-------+-------+-------++-------
Melee: Dagger            |    54 |    88 |       ||   142
       Punch             |       |     1 |       ||     1
       Short sword       |       |    77 |    37 ||   114
Throw: Dart              |     7 |    63 |    26 ||    96
       Stone             |       |       |     4 ||     4
       Boomerang         |       |       |     2 ||     2
Evoke: Wand              |       |       |     2 ||     2
  Use: Scroll            |       |     4 |     1 ||     5
 Stab: Sleeping          |    12 |    16 |       ||    28
       Distracted        |       |     2 |       ||     2
Armor: Robe              |     2 |    15 |     5 ||    22
Dodge: Dodged            |    22 |   122 |    39 ||   183
